[Event "*** Titled Tuesday Blitz"]
[Site "Chess.com"]
[Date "2020.03.03"]
[Round "9"]
[White "Megagigahiper3345"]
[Black "SerGo055"]
[Result "1-0"]
[WhiteElo "2161"]
[BlackElo "2514"]
[TimeControl "180+1"]
[EndTime "14:46:57 PST"]
[Termination "Megagigahiper3345 won by resignation"]

1. d4 Nf6 2. c4 e6 3. Nf3 d5 4. Nc3 c6 5. e3 Nbd7 6. Qc2 Bd6 7. g4 h6 8. Bd2 Qe7 9. O-O-O a6 10. Rg1 b5 11. c5 Bc7 12. h4 Nf8 13. g5 hxg5 14. hxg5 N6d7 15. e4 dxe4 16. Nxe4 Bb7 17. a4 O-O-O 18. axb5 axb5 19. Kb1 Ng6 20. Nd6+ Bxd6 21.
cxd6 Qxd6 22. Bxb5 Nb6 23. Ba5 Qc7 24. Rc1 Ne7 25. Ne5 Rd6 26. Nxf7 Ned5 27. Nxd6+ Qxd6 28. Bxb6 Nxb6 29. Bxc6 Kb8 30. Bxb7 Kxb7 31. Qe4+ Nd5 32. Rge1 Re8 33. Rc5 Qf4 34. Rxd5 Qxe4+ 35. Rxe4 Rf8 36. Rxe6 Rf7 37. g6 Rc7 38. Rc5 Rd7 39. Rce5 Rxd4 40.
Re7+ Kc6 41. Rxg7 Rd1+ 42. Kc2 Rf1 43. Rf5 Kd6 44. Rf6+ Ke5 45. Rgf7 Rg1 46. g7 Rg2 47. Rf5+ Ke6 48. R5f6+ Ke5 49. b4 Rg4 50. b5 Rxg7 51. b6 Rg4 52. Rc6 Rb4 53. f4+ Kd5 54. Rff6 Ke4 55.
Rfd6 Kxf4 56. Kc3 Rb1 57. Kc4 Ke5 58. Rd8 Rc1+ 59. Kb5 Ra1 60. b7 Rb1+ 61. Ka6 Rb2 62.
b8=Q+ Rxb8 63. Rxb8 Kd5 64. Rc1 1-0

[Event "*** Titled Tuesday Blitz"]
[Site "Chess.com"]
[Date "2020.03.03"]
[Round "9"]
[White "Fuerza777"]
[Black "boasovietica"]
[Result "1-0"]
[WhiteElo "2231"]
[BlackElo "2450"]
[TimeControl "180+1"]
[EndTime "14:46:57 PST"]
[Termination "Fuerza777 won on time"]

1. d4 Nf6 2. c4 e6 3. g3 d5 4. Nf3 dxc4 5. Bg2 a6 6. O-O Nc6 7. Bg5 Be7 8. e3 O-O 9. Qc1 Na5 10. Ne5 h6 11. Bxf6 Bxf6 12. Nxc4 Nxc4 13. Qxc4 c6 14. f4 Bd7 15. Nc3 Qb6 16. Na4 Qa7 17. Nc5 Rfd8 18. a4 a5 19. Rac1 Be8 20. Rfd1 Rac8 21. Ne4 Be7 22. Kh1 b6 23. Nf2 c5 24. d5 exd5 25. Bxd5 Rd7 26. e4 Rcd8 27. Nd3 Bf6 28. b3 Bd4 29. Ne1 Qc7 30. Nf3 Bf6 31.
Rd3 Kh8 32. Rcd1 Be7 33. Ne5 Rd6 34. Bxf7 Rxd3 35. Rxd3 Rxd3 36. Qxd3 Bxf7 37. Nxf7+ Kg8 38. Ne5 Bf6 39. Qd5+ Kh7 40. Ng4 Bd4 41. Qf5+ Kh8 42. Kg2 c4 43. bxc4 Qxc4 44. Qf8+ Kh7 45. Qf5+ Kg8 46. Qg6 Kf8 47. f5 Qe2+ 48. Kh3 Qxe4 49. Qd6+ Kg8 50. Qg6 Kf8 51. Qd6+ Kg8 52. Qd7 1-0

[Event "*** Titled Tuesday Blitz"]
[Site "Chess.com"]
[Date "2020.03.03"]
[Round "9"]
[White "Martins-BR"]
[Black "Resignify"]
[Result "0-1"]
[WhiteElo "2293"]
[BlackElo "2216"]
[TimeControl "180+1"]
[EndTime "14:46:58 PST"]
[Termination "Resignify won by resignation"]

1. e4 d6 2. d4 Nf6 3. Nc3 g6 4.
Bg5 Bg7 5. Qd2 h6 6. Bh4 g5 7. Bg3 Nh5 8. O-O-O Nc6 9. Bb5 Bd7 10.
Nge2 a6 11. Bxc6 bxc6 12. f3 Nxg3 13. hxg3 e6 14. g4 Rb8 15. Ng3 Qc8 16. Nh5 Kf8 17. Rde1 Qb7 18. Nd1 Qb4 19. c3 Qa5 20. Kb1 c5 21.
Nxg7 Kxg7 22. dxc5 Qxc5 23. Nf2 e5 24. Nd3 Qa5 25.
Nb4 Be6 26. a3 Qb6 27. Re2 Bc4 28. Rf2 a5 29. Nd5 Qb3 30. Kc1 Qa2 31. Qc2 Rb7 32. Ne3 Be6 33. Qb1 Qb3 34. Qc2 Qb6 35. Re1 Rhb8 36.
Rd2 Qc5 37. Qd3 Rb3 38. Nd5 c6 39. Nc7 R8b7 40. Nxe6+ fxe6 41. Rc2 d5 42. exd5 cxd5 43. Rxe5 Qg1+ 44. Kd2 Rxb2 45. Re2 Qc5 46. Qd4+ Qxd4+ 47. cxd4 Kf7 48. Kd3 R7b3+ 49. Kd2 Rxc2+ 50. Kxc2 Rxa3 51. Rd2 Ra2+ 52. Kd3 Rxd2+ 53. Kxd2 Ke7 54. Kc3 Kd6 55.
Kb3 e5 56. Ka4 exd4 57. Kxa5 d3 58. Kb4 d2 59. Kc3 d1=Q 60. Kb4 Qf1 0-1

[Event "*** Titled Tuesday Blitz"]
[Site "Chess.com"]
[Date "2020.03.03"]
[Round "9"]
[White "Atanejhad"]
[Black "Lovkov_Roman"]
[Result "1-0"]
[WhiteElo "2599"]
[BlackElo "2675"]
[TimeControl "180+1"]
[EndTime "14:47:03 PST"]
[Termination "Atanejhad won on time"]

1. e4 e5 2. Nf3 Nc6 3. Bb5 Nge7 4. O-O g6 5. d4 exd4 6. Nxd4 Bg7 7. Nxc6 Nxc6 8. Nc3 O-O 9. Nd5 Nd4 10. Bd3 c6 11. Ne3 d5 12. exd5 cxd5 13. c3 Nc6 14. Be2 d4 15. cxd4 Nxd4 16. Bc4 b5 17. Bd5 Rb8 18. Bd2 b4 19. Rc1 Rb5 20. Bc4 Rh5 21. Bxb4 Qh4 22. Bd6 Rd8 23. Bg3 Qg5 24. Qa4 Be6 25. Bxe6 Ne2+ 26. Kh1 fxe6 27. Rcd1 Rf8 28. Qg4 Qxg4 29. Nxg4 Ra5 30. Bd6 Rc8 31. Rd2 Nd4 32. b4 Rd5 33.
Bc5 a5 34. a3 axb4 35. axb4 Nb3 36. Rxd5 exd5 37. Rd1 Nxc5 38. bxc5 Rxc5 39. h3 d4 40. Nh2 Rc2 41. Kg1 Rc4 42. Nf3 Kf7 43.
Kf1 Bf6 44. Ke2 Ra4 45. Rd2 Ke6 46. Kd3 Kd5 47. Rb2 Ra3+ 48. Kd2 Be7 49. Ne1 Kc4 50. Nc2 1-0

[Event "*** Titled Tuesday Blitz"]
[Site "Chess.com"]
[Date "2020.03.03"]
[Round "9"]
[White "CrushingKings"]
[Black "RiskyDecision"]
[Result "1-0"]
[WhiteElo "2276"]
[BlackElo "2591"]
[TimeControl "180+1"]
[EndTime "14:47:05 PST"]
[Termination "CrushingKings won by checkmate"]

1. e4 e6 2. Nf3 d5 3. Nc3 d4 4.
Ne2 c5 5. Ng3 a6 6. a4 Nc6 7.
Bc4 h5 8. d3 h4 9. Ne2 Bd6 10.
Bd2 Nge7 11. O-O Ng6 12. Ne1 Nge5 13. f4 Nxc4 14. dxc4 h3 15. g3 b6 16. Nc1 Bb7 17.
Ncd3 Ne7 18. Qe2 Qd7 19. Nf3 f6 20. a5 Bc7 21. axb6 Bxb6 22. Ba5 Ba7 23. b4 cxb4 24. Bxb4 Nc6 25. Bc5 Bxc5 26. Nxc5 Qe7 27. Nd3 O-O 28.
Rfb1 Rfb8 29. Qf1 Nd8 30. Nd2 a5 31. Rb5 a4 32. Qxh3 Bc6 33. Rh5 Nf7 34. Nc5 a3 35.
Ndb3 a2 36. f5 exf5 37. Qxf5 Nh6 38. Qg6 Kf8 39. Rxh6 gxh6 40. Qxh6+ Qg7 41. Ne6+ Ke7 42. Qxg7+ Kxe6 43. Nxd4+ Kd6 44. Qxf6+ Kc5 45. Nb3+ Rxb3 46. cxb3 Bxe4 47. Qe5+ Kb4 48. Qxe4 Kxb3 49. Qxa8 Kb2 50. Qxa2+ Kc3 51. c5 Kd4 52. c6 Ke5 53. c7 Kf5 54. c8=Q+ Ke4 55. Qcc4+ Kf3 56. Qae2# 1-0

[Event "*** Titled Tuesday Blitz"]
[Site "Chess.com"]
[Date "2020.03.03"]
[Round "9"]
[White "superstructure"]
[Black "temus_galaktionov"]
[Result "0-1"]
[WhiteElo "2433"]
[BlackElo "2727"]
[TimeControl "180+1"]
[EndTime "14:47:06 PST"]
[Termination "temus_galaktionov won on time"]

1. e4 c6 2. Nf3 g6 3. h3 Bg7 4. d4 d6 5. Be2 Nd7 6. O-O e5 7. c3 Ngf6 8. Nbd2 O-O 9. Re1 b6 10. Qc2 Qc7 11. Nf1 Bb7 12. Ng3 Rfe8 13. dxe5 dxe5 14.
Bc4 b5 15. Bb3 Nc5 16. Bg5 h6 17. Bxf6 Bxf6 18. Nf1 a5 19. a4 Qb6 20. Ne3 b4 21. Bc4 Red8 22. b3 Rd7 23. Rad1 Rad8 24. Rxd7 Rxd7 25.
Rd1 Rxd1+ 26. Nxd1 Ba6 27. Ne3 bxc3 28. Bxa6 Qxa6 29.
Nc4 Nxa4 30. Ncxe5 Nc5 31. Qxc3 Nxe4 32. Qxc6 Qxc6 33.
Nxc6 Bc3 34. Kf1 Nc5 35. Nfd4 Kf8 36. Ke2 Ke8 37. Nb5 Bb4 38. Nxb4 axb4 39. Nd4 Kd7 40.
Kd2 Kd6 41. Kc2 Kd5 42. Nb5 Ne4 43. f3 Nc5 44. Nc7+ Kc6 45. Ne8 h5 46. Nf6 Ne6 47. h4 Nf4 48. g4 Ng2 49. gxh5 gxh5 50. Nxh5 Nxh4 51. f4 Kd5 52. Kd3 Ng2 0-1

[Event "*** Titled Tuesday Blitz"]
[Site "Chess.com"]
[Date "2020.03.03"]
[Round "9"]
[White "northridgehawk"]
[Black "newauto"]
[Result "0-1"]
[WhiteElo "2244"]
[BlackElo "2049"]
[TimeControl "180+1"]
[EndTime "14:47:08 PST"]
[Termination "newauto won by checkmate"]

1. e4 c6 2. Nc3 d5 3. Nf3 dxe4 4. Nxe4 Bg4 5. d4 Bxf3 6. Qxf3 Qxd4 7. Be3 Qxb2 8. Bc4 Qb4+ 9. Nd2 e6 10. Rb1 Qc3 11. Rxb7 Nf6 12. O-O Bd6 13. Rxb8+ Rxb8 14. Qxc6+ Ke7 15.
Bc5 Qxd2 16. Qc7+ Nd7 17. Be3 Qxe3 18. Qxd7+ Kxd7 19. fxe3 Ke7 20. Kf2 Rhc8 21. Bb3 Rc3 22. Ke2 Bc5 23. Rf3 Rd8 24. Rg3 g6 25. Rh3 h5 26.
Rf3 a5 27. a4 Bb4 28. Rf4 Rc5 29. h4 Rd2+ 30. Kf3 Rf5 31. g3 e5 32. e4 Rf6 33.
Rxf6 Kxf6 34. Ke3 Rg2 35. Kf3 Rg1 36. Kf2 Re1 37. Kf3 Ke7 38. Kf2 f5 39. exf5 gxf5 40. Kf3 Kf6 41. Bc4 Bc5 42. Bb5 Re3+ 43. Kg2 Rc3 44.
Kh3 Rxc2 45. Bd3 Rd2 46. Bb5 Bg1 47. g4 hxg4+ 48. Kg3 Rb2 49. Be8 Rb4 50. Kg2 Bd4 51.
h5 f4 52. h6 Rb3 53. Kf1 f3 54. Ke1 Be3 55. Kd1 Rb2 56. h7 Kg7 57. Bg6 g3 58. Ke1 Ra2 59. Kd1 g2 60. h8=Q+ Kxh8 61. Bb1 g1=Q# 0-1

[Event "*** Titled Tuesday Blitz"]
[Site "Chess.com"]
[Date "2020.03.03"]
[Round "9"]
[White "NeverEverForever1990"]
[Black "talman67"]
[Result "1-0"]
[WhiteElo "2372"]
[BlackElo "2501"]
[TimeControl "180+1"]
[EndTime "14:47:14 PST"]
[Termination "NeverEverForever1990 won by checkmate"]

1. e4 e5 2. Nf3 Nc6 3. Bb5 a6 4. Ba4 Nf6 5. O-O Nxe4 6. d4 b5 7. Bb3 d5 8. dxe5 Be6 9. Nbd2 Nc5 10. c3 d4 11. Bxe6 Nxe6 12. cxd4 Ncxd4 13. Ne4 Qd5 14. Nc3 Nxf3+ 15. Qxf3 Qxf3 16. gxf3 Bb4 17. Nd5 Ba5 18.
Be3 O-O-O 19. Rfd1 Rd7 20. Nf4 Rhd8 21. Rxd7 Rxd7 22.
Nxe6 fxe6 23. Kf1 Kb7 24. Ke2 Bb6 25. f4 g6 26. h4 c5 27. h5 c4 28. hxg6 hxg6 29. Rg1 Rf7 30. Rxg6 Re7 31. f5 Bxe3 32. f6 Re8 33. fxe3 Rf8 34. Kf3 Kc6 35. Ke4 b4 36. Rg7 c3 37. bxc3 bxc3 38. Kd3 Kd5 39. Rg5 Rc8 40. e4+ Kc5 41. Kxc3 Rh8 42. f7 Rf8 43. Rg7 Kb5 44. Kd4 Kb4 45. a3+ Kb5 46.
Rh7 a5 47. Ke3 Ka4 48. Kf4 Kxa3 49. Kg5 Kb4 50. Kf6 a4 51. Kxe6 a3 52. Rh2 Kb3 53. Kf6 a2 54. Rxa2 Kxa2 55. e6 Ra8 56. e7 Ra3 57. e5 Rf3+ 58. Ke6 Rc3 59. f8=Q Rc6+ 60.
Kf5 Rc1 61. e8=Q Rf1+ 62. Ke6 Re1 63. Qb4 Rxe5+ 64. Kxe5 Ka1 65. Qea4# 1-0

[Event "*** Titled Tuesday Blitz"]
[Site "Chess.com"]
[Date "2020.03.03"]
[Round "9"]
[White "nonscitis"]
[Black "Gabrielian_Artur"]
[Result "0-1"]
[WhiteElo "2604"]
[BlackElo "2788"]
[TimeControl "180+1"]
[EndTime "14:47:16 PST"]
[Termination "Gabrielian_Artur won on time"]

1. d4 Nf6 2. c4 c5 3. d5 e6 4. Nc3 exd5 5. cxd5 d6 6. Nf3 g6 7.
Bf4 Bg7 8. Qa4+ Bd7 9. Qb3 b5 10. Bxd6 Qb6 11. Be5 O-O 12. e3 c4 13. Qd1 b4 14. Na4 Qa5 15. b3 Bxa4 16. bxa4 Nbd7 17. Bxc4 Nxe5 18. Nxe5 b3+ 19. Kf1 Qc3 20. Qd4 Ne4 21.
Qxc3 Nxc3 22. axb3 Bxe5 23. Rc1 Rfc8 24. f4 Bg7 25.
Kf2 Rd8 26. Kf3 Nxd5 27. Rhd1 Nc3 28. Rxd8+ Rxd8 29. b4 Nxa4 30. Bb3 Nc3 31. Ra1 Rd7 32. Ra6 Kf8 33. g4 Rb7 34. Bc2 Ke7 35. h4 Kd7 36. h5 Bf8 37. hxg6 hxg6 38. Bb3 Ke8 39. b5 Nxb5 40.
Ba4 Kd8 41. Bxb5 Rxb5 42. Rxa7 Be7 43. Ra8+ Kd7 44. Ra7+ Ke8 45. Ra8+ Bd8 46. e4 Rb3+ 47.
Kf2 Kd7 48. g5 Bc7 49. Ra7 Kc6 50. Ke2 Bxf4 51. Rxf7 Be5 52. Re7 Kd6 53. Ra7 Ke6 54.
Ra6+ Bd6 55. Kd2 Rb5 56. Ke2 Rxg5 57. Kf3 Rb5 58. Ra8 Rb3+ 59. Kg4 Rg3+ 60. Kh4 Rg1 61.
Kh3 g5 62. Rg8 Bf4 0-1

[Event "*** Titled Tuesday Blitz"]
[Site "Chess.com"]
[Date "2020.03.03"]
[Round "9"]
[White "GCamachoMartinez"]
[Black "Witik"]
[Result "0-1"]
[WhiteElo "2395"]
[BlackElo "2627"]
[TimeControl "180+1"]
[EndTime "14:47:20 PST"]
[Termination "Witik won on time"]

1. d4 Nf6 2. c4 g6 3. Nc3 Bg7 4. e4 d6 5. Bd3 O-O 6. Nge2 e5 7. O-O Nc6 8. d5 Ne7 9. Be3 Ng4 10. Bd2 f5 11. f3 Nf6 12. Be3 f4 13. Bf2 g5 14.
g4 h5 15. h3 hxg4 16. hxg4 Nxg4 17. fxg4 Bxg4 18. Qd2 Ng6 19. Nc1 Bh3 20. Re1 g4 21. Bf1 Qg5 22. Bxh3 gxh3+ 23. Kf1 h2 24. Ke2 Qh5+ 25. Kd3 h1=Q 26. Rxh1 Qxh1 27. Nb3 Qh3+ 28. Kc2 f3 29. Rg1 Nf4 30. Rg3 Qh5 31. Qe3 Ng2 32.
Qg5 Qxg5 33. Rxg5 Kh7 34. Nd2 Bh6 35. Rh5 Kg6 36. Rh3 Be3 37. Nd1 Bxd2 38. Kxd2 Rf6 39. c5 a6 40. cxd6 cxd6 41. Be3 Rg8 42. Nf2 Kf7 43.
Rh7+ Rg7 44. Rh8 Rfg6 45. Rb8 b5 46. Rb7+ Kg8 47. Rb8+ Kh7 48. Rb6 Rf6 49. Rxa6 Nxe3 50. Kxe3 Rg1 51. Ra7+ Kg6 52. Nd3 Rd1 53. Nf2 Re1+ 54.
Kd3 Re2 55. Ng4 f2 56. Nxf2 Rexf2 0-1

[Event "*** Titled Tuesday Blitz"]
[Site "Chess.com"]
[Date "2020.03.03"]
[Round "9"]
[White "Gahan-MG"]
[Black "Azeryahu"]
[Result "1/2-1/2"]
[WhiteElo "2549"]
[BlackElo "2807"]
[TimeControl "180+1"]
[EndTime "14:47:28 PST"]
[Termination "Game drawn by repetition"]

1. e4 e5 2. Nf3 Nc6 3. d4 exd4 4. Nxd4 Nf6 5. Nc3 Bb4 6. Nxc6 bxc6 7. Bd3 d5 8. exd5 O-O 9. O-O cxd5 10. Bg5 Be6 11. Qf3 Rb8 12. h3 h6 13. Bxf6 Qxf6 14. Qxf6 gxf6 15. Ne2 Bd6 16. b3 c5 17. Rad1 c4 18. Bxc4 dxc4 19. Rxd6 Rb6 20. Rfd1 Kg7 21. Nf4 Re8 22. Kh2 Bf5 23. Rxb6 axb6 24. bxc4 Re4 25.
Nd5 Rxc4 26. Ne3 Rc5 27. Rd6 Be6 28. a4 Ra5 29. Rxb6 Rxa4 30. Rc6 f5 31. f4 Rxf4 32. Kg3 Re4 33. Kf3 Rd4 34. g3 Kf6 35. Rc5 Ra4 36. h4 Ra1 37. Rc6 Ra3 38. c3 Ra4 39.
Nd5+ Ke5 40. Nf4 Ra1 41. Rc5+ Kf6 42. Rc6 Ke5 43. Rc5+ Kd6 44. Nxe6 fxe6 45. Rc8 Ke5 46. Rc5+ Kf6 47. Rc6 Rf1+ 48. Kg2 Re1 49. Kf2 Re4 50. Kf3 Ra4 51. Rc8 Ke5 52. Rc5+ Kf6 53. Rc8 Re4 54. Rc7 Re1 55. Rc8 Rf1+ 56. Ke2 Rg1 57. Kf2 Ra1 58. Kf3 e5 59. Rc6+ Kg7 60. Rc7+ Kg6 61. Rc6+ Kg7 62.
Rc7+ Kg6 63. Rc6+ Kg7 1/2-1/2

[Event "*** Titled Tuesday Blitz"]
[Site "Chess.com"]
[Date "2020.03.03"]
[Round "9"]
[White "IgorBjelobrk"]
[Black "MartinMatthiesen"]
[Result "1-0"]
[WhiteElo "2711"]
[BlackElo "2593"]
[TimeControl "180+1"]
[EndTime "14:47:28 PST"]
[Termination "IgorBjelobrk won on time"]

1. d4 Nf6 2. c4 e6 3. g3 c5 4. d5 exd5 5. cxd5 d6 6. Nc3 g6 7.
Nf3 Bg7 8. Bg2 O-O 9. O-O Re8 10. Nd2 a6 11. a4 Nbd7 12. Ra2 Rb8 13. a5 b5 14. axb6 Nxb6 15. b3 Bb7 16. Nc4 Nxc4 17. bxc4 Nd7 18. Ne4 Ne5 19. Qc2 Bc8 20. Bg5 f6 21.
Bd2 Bf5 22. Rxa6 Nf7 23. Ra7 Qb6 24. Rfa1 Bxe4 25. Bxe4 f5 26. R1a6 Qb2 27. Ra2 Qxc2 28. Bxc2 Rxe2 29. Ba5 Bd4 30. Bb3 Rxa2 31. Bxa2 Rb2 32.
Be1 Ne5 33. Ra3 Nd3 34. Rxd3 Rxa2 35. Rb3 Rc2 36. Rb6 Be5 37. f4 Bd4+ 38. Kf1 Rxc4 39. Rxd6 Rc1 40. Ke2 Rc2+ 41. Bd2 c4 42. Kd1 Ra2 43.
Rc6 Ra1+ 44. Kc2 Ra2+ 45. Kd1 Ra4 46. d6 c3 47. d7 Ra1+ 48. Ke2 Bf6 49. Bxc3 Ra2+ 50.
Kd3 Be7 51. Rc8+ Kf7 52. d8=Q Bxd8 53. Rxd8 Rxh2 54. Rd7+ Ke6 55. Rg7 Rh3 56. Be1 Kf6 57. Ra7 h5 58. Ke2 Rh2+ 59. Bf2 Rh1 60. Bd4+ Ke6 61.
Ra6+ Kd5 62. Bf2 1-0

[Event "*** Titled Tuesday Blitz"]
[Site "Chess.com"]
[Date "2020.03.03"]
[Round "9"]
[White "davserr65"]
[Black "Nesty_Javi_Chess"]
[Result "0-1"]
[WhiteElo "2101"]
[BlackElo "2680"]
[TimeControl "180+1"]
[EndTime "14:47:28 PST"]
[Termination "Nesty_Javi_Chess won on time"]

1. Nf3 Nf6 2. c4 g6 3. b3 Bg7 4. Bb2 O-O 5. g3 Ne8 6. Bxg7 Nxg7 7. Bg2 d5 8. cxd5 Qxd5 9. O-O Qd6 10. Nc3 Nc6 11. d3 e5 12. Rc1 h6 13. Qc2 Be6 14. Ne4 Qe7 15. Nc5 Nb4 16. Qb2 f6 17. a3 Nd5 18.
Nxb7 Rab8 19. Nc5 Bf7 20. Nd2 h5 21. Qc2 h4 22. b4 hxg3 23. hxg3 Nf5 24. Nf3 Nd4 25.
Nxd4 exd4 26. Qd2 Kg7 27. Rc4 Nc3 28. Rxc3 dxc3 29. Qxc3 Rbd8 30. e3 Bd5 31. e4 Bf7 32. d4 Rh8 33. Rd1 Rh5 34. Bf3 Rh6 35. d5 Qe5 36.
Qxe5 fxe5 37. b5 g5 38. Bg4 Rb6 39. a4 Rh6 40. Rd3 Rdd6 41. Kg2 Bg8 42. Rc3 Rhf6 43.
Nd3 Rf7 44. Nxe5 Re7 45. f4 Rf6 46. Bf5 Bxd5 47. Kf2 gxf4 48. gxf4 Bxe4 49. Bxe4 Rxe5 50. Bf3 Rxf4 51. Kg3 Rxa4 52. Rxc7+ Kf6 53. Rc6+ Ke7 54. Ra6 Rxa6 55. bxa6 Kd6 56. Bb7 Kc5 57. Kf3 Kd4 58.
Kf4 Rc5 59. Kf3 Rf5+ 60. Ke2 Rf6 61. Ke1 Kd3 62. Bc8 Ke3 63. Kd1 Rc6 64. Bb7 Rc5 0-1

[Event "*** Titled Tuesday Blitz"]
[Site "Chess.com"]
[Date "2020.03.03"]
[Round "9"]
[White "mbojan"]
[Black "OparinGrigoriy"]
[Result "1/2-1/2"]
[WhiteElo "2689"]
[BlackElo "2987"]
[TimeControl "180+1"]
[EndTime "14:47:32 PST"]
[Termination "Game drawn - insufficient material"]

1. e4 e5 2. Nf3 Nc6 3. Bb5 a6 4. Bxc6 dxc6 5. O-O Qf6 6. d4 exd4 7. Bg5 Qd6 8. Qxd4 Qxd4 9. Nxd4 Bd7 10. Nc3 Ne7 11.
Rad1 Ng6 12. Nf5 f6 13. Be3 O-O-O 14. Ne2 b6 15. Neg3 Ne5 16. Bd4 Nc4 17. b3 Na3 18. c4 Nc2 19. Bc3 Nb4 20. Bxb4 Bxb4 21. Nxg7 Rhg8 22. N7f5 a5 23. Nh5 Rgf8 24. Nf4 Kb7 25. h4 Rg8 26. g3 a4 27. Kg2 Bc3 28. Rd3 Bxf5 29. exf5 Rxd3 30. Nxd3 Rd8 31. Rd1 Ra8 32.
Nf4 axb3 33. axb3 Ra2 34. Rd3 Be1 35. Rf3 Rc2 36. g4 h6 37. Nh5 Bc3 38. g5 hxg5 39. hxg5 fxg5 40. f6 Bb4 41. f7 Bf8 42. Re3 Rb2 43. Re8 Bc5 44. f8=Q Bxf8 45. Rxf8 Rxb3 46. Rf5 Rc3 47. Rxg5 Rxc4 48. f4 b5 49. f5 Rc5 50.
Nf4 b4 51. Ne6 Rb5 52. f6 b3 53. Rxb5+ cxb5 54. Nc5+ Kc6 55. Nxb3 Kd6 56. Nc5 b4 57. Kf3 b3 58. f7 Ke7 59. f8=Q+ Kxf8 60. Nxb3 Ke7 61.
Ke3 Kd6 62. Kd3 Kd5 63. Kc3 c5 64. Nd2 c4 65. Nxc4 1/2-1/2

[Event "*** Titled Tuesday Blitz"]
[Site "Chess.com"]
[Date "2020.03.03"]
[Round "9"]
[White "albano87"]
[Black "MathiasWomacka"]
[Result "1-0"]
[WhiteElo "1947"]
[BlackElo "2380"]
[TimeControl "180+1"]
[EndTime "14:47:34 PST"]
[Termination "albano87 won by checkmate"]

1. d4 Nf6 2. Nf3 e6 3. g3 c5 4. Bg2 cxd4 5. Nxd4 Qb6 6. O-O Nc6 7. Nxc6 dxc6 8. c4 e5 9. b3 Bf5 10. Bb2 Nd7 11. Nc3 Be7 12. Ne4 O-O 13. Nd6 Be6 14. Ne4 f5 15. Nc3 e4 16. Qc2 Nf6 17.
e3 h5 18. h4 Ng4 19. Ne2 Bf6 20. Nd4 Bd7 21. Rad1 Qc7 22. c5 Bxh4 23. Qc4+ Kh7 24. Ne6 Bxe6 25. Qxe6 Rae8 26. Qd7 Bxg3 27. fxg3 Re7 28.
Qxc7 Rxc7 29. Bd4 Kg8 30. Rf4 g6 31. Rdf1 Re8 32. b4 Rd7 33. Bh3 a5 34. a3 axb4 35. axb4 Ra8 36. Bxg4 hxg4 37. Ra1 Rxa1+ 38. Bxa1 Rd3 39.
Bd4 Rb3 40. Rf2 Rxb4 41. Ra2 Kf7 42. Ra8 g5 43. Rd8 Ke6 44. Rd6+ Ke7 45. Rg6 f4 46. gxf4 gxf4 47. Rxg4 fxe3 48. Rxe4+ Kd7 49. Kf1 b5 50. Ke2 Rc4 51. Kxe3 Rc2 52. Kd3 Rg2 53. Rh4 Rg3+ 54.
Kc2 Ke6 55. Rh5 Rf3 56. Re5+ Kf7 57. Re3 Rf4 58. Kc3 Rf1 59. Be5 Ke6 60. Bd6+ Kd5 61. Re5# 1-0

[Event "*** Titled Tuesday Blitz"]
[Site "Chess.com"]
[Date "2020.03.03"]
[Round "9"]
[White "MaxLeto"]
[Black "RemcoSpr"]
[Result "1-0"]
[WhiteElo "2392"]
[BlackElo "2240"]
[TimeControl "180+1"]
[EndTime "14:47:38 PST"]
[Termination "MaxLeto won by checkmate"]

1. g4 d5 2. g5 e5 3. h4 Bc5 4. c3 Nc6 5. Bg2 Nge7 6. b4 Bb6 7. a4 a5 8. b5 Nb8 9. Ba3 Ng6 10. e3 e4 11. d4 exd3 12. Qxd3 Be6 13. f4 Qd7 14.
Nd2 c5 15. c4 d4 16. h5 Ne7 17.
e4 Bg4 18. Ngf3 Bxf3 19. Nxf3 Qg4 20. Qd2 Bc7 21. Rh4 Qe6 22. Qd3 f5 23. e5 Nd7 24.
O-O-O Rc8 25. Ng1 Nb6 26. Bxb7 Rb8 27. Bg2 Nxc4 28. Qb3 Kf7 29. g6+ hxg6 30. hxg6+ Nxg6 31. Rxh8 Rxh8 32. Nh3 Rxh3 33. Bxh3 Nxf4 34. Bxf5 Qxf5 35.
Qxc4+ Ne6 36. Rf1 g6 37. Rxf5+ gxf5 38. Bxc5 Bxe5 39. b6 d3 40. b7 Bf4+ 41. Kd1 Kf6 42.
Bd4+ Ke7 43. Qxd3 Bb8 44. Bc3 Nc5 45. Qc4 Nxb7 46. Qb5 Nd6 47. Qxb8 Ne4 48. Qa7+ Ke6 49. Bxa5 Kd5 50. Kc2 f4 51. Qa8+ Ke5 52. Qe8+ Kf5 53.
Qb5+ Kg4 54. Bd2 f3 55. Qd3 Ng3 56. Qd4+ Kh3 57. Qf4 Kg2 58. Be3 Nf1 59. Qg4+ Kh2 60. Qxf3 Ng3 61. Bf4 Kg1 62. Qxg3+ Kh1 63. Qh2# 1-0

[Event "*** Titled Tuesday Blitz"]
[Site "Chess.com"]
[Date "2020.03.03"]
[Round "9"]
[White "WiktoriaPOL"]
[Black "SoltaniciR"]
[Result "1-0"]
[WhiteElo "2385"]
[BlackElo "2507"]
[TimeControl "180+1"]
[EndTime "14:47:48 PST"]
[Termination "WiktoriaPOL won by resignation"]

1. c4 c5 2. Nf3 Nf6 3. Nc3 e6 4. d4 cxd4 5. Nxd4 Qc7 6. e4 a6 7. Be3 b6 8. Be2 d6 9. Qd2 Bb7 10.
f3 Be7 11. O-O O-O 12. Kh1 Rd8 13. Rfd1 Nbd7 14. Rac1 Rac8 15. b4 Re8 16. Nb3 Qb8 17. Na4 Ba8 18. Bf4 Ne5 19. Be3 Ned7 20. Bf4 Ne5 21. Qe3 Bd8 22. c5 b5 23. Nb2 dxc5 24.
Nxc5 Bb6 25. Nbd3 Nc4 26. Rxc4 bxc4 27. Bxb8 cxd3 28. Qxd3 Rxb8 29. Nxa6 Rbc8 30. Nc5 Bxc5 31. bxc5 Rxc5 32. Qa3 Rc2 33. Bd3 Rcc8 34. h3 Nh5 35.
Kh2 Nf4 36. Bb5 Red8 37. Rxd8+ Rxd8 38. Qe3 e5 39. Qb6 Rf8 40. Qc7 Ng6 41. Qd6 h5 42. g3 h4 43. gxh4 Nxh4 44. Kg3 Ng6 45. h4 Rc8 46. h5 Nf4 47. Qxe5 Ne6 48. Qd6 Kh7 49. Bd7 Rd8 50. Qe7 Rb8 51. Bxe6 fxe6 52. Qxe6 Bb7 53.
Qf5+ Kh8 54. Qe5 Rf8 55. h6 Rf6 56. Qe7 Rg6+ 57. Kf4 Bxe4 58. Qxe4 Rxh6 59. Qe8+ Kh7 60. a4 Rh4+ 61. Kg5 Rb4 62. a5 Rb3 63. Qh5+ Kg8 64. Qe8+ Kh7 65. a6 Ra3 66. Qe6 Ra5+ 67. Kf4 Kh8 68.
Kg3 Ra4 69. Qd6 Ra5 70. Qd8+ Kh7 71. Qxa5 1-0

[Event "*** Titled Tuesday Blitz"]
[Site "Chess.com"]
[Date "2020.03.03"]
[Round "9"]
[White "Bongcloudtransvestit"]
[Black "Orest_Vovk"]
[Result "1-0"]
[WhiteElo "2371"]
[BlackElo "2517"]
[TimeControl "180+1"]
[EndTime "14:47:53 PST"]
[Termination "Bongcloudtransvestit won by checkmate"]

1. d4 e5 2. dxe5 Nc6 3. Nf3 Qe7 4. Nc3 Nxe5 5. Nd5 Nxf3+ 6. gxf3 Qd8 7. Bf4 d6 8. Rg1 Be6 9. Qd2 Nf6 10. Nxf6+ Qxf6 11. O-O-O Be7 12. Bg5 Qe5 13. f4 Bxg5 14. Rxg5 Qf6 15. e4 h6 16. Rg3 g5 17. f5 Bd7 18.
Rc3 Bc6 19. f3 O-O-O 20. Ba6 Kd7 21. Bc4 Rhe8 22. Bd5 Re5 23. Bxc6+ bxc6 24. Qd4 c5 25. Qa4+ Ke7 26. Qxa7 Kf8 27. Qxc7 g4 28. fxg4 Rxe4 29. h3 Rd4 30. Rxd4 cxd4 31. Rd3 Re8 32. b3 Qg5+ 33.
Kb2 Qf4 34. Qc4 Re4 35. a4 Kg8 36. a5 Re1 37. Qxd4 Qc1+ 38. Kc3 Qa1+ 39. Kd2 Qxa5+ 40.
Qc3 Qxc3+ 41. Kxc3 h5 42. Rxd6 hxg4 43. hxg4 Re3+ 44. Rd3 Re4 45. Rd4 Re3+ 46. Kc4 Kf8 47. b4 Ke7 48. b5 Re2 49. c3 Rb2 50. Kc5 Rb3 51. c4 Ra3 52. b6 Ra8 53. Kc6 Rc8+ 54. Kb7 Rc5 55. Ka7 Ra5+ 56. Kb8 Kf6 57. b7 Rc5 58.
Ka7 Ra5+ 59. Kb6 Rd5 60. Rxd5 Kg5 61. b8=Q f6 62. Qd8 Kh4 63. Qxf6+ Kg3 64. Rd3+ Kf4 65. Qd4+ Kg5 66. f6 Kg6 67. Qd5 Kh6 68. Re3 Kg6 69.
f7 Kg7 70. Qf5 Kf8 71. Re8+ Kg7 72. f8=Q# 1-0

[Event "*** Titled Tuesday Blitz"]
[Site "Chess.com"]
[Date "2020.03.03"]
[Round "9"]
[White "Mbneu"]
[Black "JustDazzled"]
[Result "0-1"]
[WhiteElo "2196"]
[BlackElo "2018"]
[TimeControl "180+1"]
[EndTime "14:48:24 PST"]
[Termination "JustDazzled won on time"]

1. d4 g6 2. c4 Bg7 3. f4 d5 4. cxd5 Nf6 5. Nf3 Bg4 6. e3 O-O 7. Nc3 Nxd5 8. Be2 c5 9. O-O Nc6 10. Nxd5 Qxd5 11. dxc5 Qxc5 12. Kh1 Qb6 13. e4 Rfd8 14. Qb3 Bxf3 15. Bxf3 Nd4 16. Qxb6 axb6 17. Bd1 Rac8 18. e5 Ne6 19. Be3 b5 20. Bg4 h5 21. Bxe6 fxe6 22. h4 Rd3 23. Rae1 Rc2 24. Bc1 Bh6 25. Rd1 Rxd1 26. Rxd1 Rf2 27. g3 Re2 28. Kg1 Kf7 29. Kf1 Rh2 30. Be3 Rxb2 31. Rd7 Rxa2 32. Rxb7 Ra3 33. Bf2 Bf8 34. Rxb5 Ra1+ 35.
Kg2 Ra2 36. Rb7 Rc2 37. Rd7 Ra2 38. Rb7 Rc2 39. Rb8 Ra2 40. Rd8 Rc2 41. Rd3 Ra2 42.
Kf3 Rc2 43. Be3 Rh2 44. Rd2 Rxd2 45. Bxd2 Bg7 46. Ke4 Bh6 47. Bb4 Bf8 48. Kd4 Ke8 49. Kc4 Kd7 50. Kb5 Bg7 51. Kb6 Bf8 52. Kb7 Bg7 53.
Bc5 Bf8 54. Bb6 Bg7 55. Bc7 Bf8 56. Bb6 Bg7 57. Be3 Bf8 58. Bf2 Bg7 59. Be3 Bh6 60. Kb6 Bg7 61. Kc5 Bf8 62. Kd4 Bg7 63. Ke4 Ke8 64. Kf3 Kf7 65. g4 Bf8 66. Kg3 Bg7 67.
Bd4 Bf8 68. Kf3 Bg7 69. Bc5 Bf8 70. Kg3 Bg7 71. Bd4 Bf8 72. f5 exf5 73. gxf5 gxf5 74.
Kf4 Kg6 75. e6 Bh6+ 76. Kf3 Bg7 77. Bc5 Kf6 78. Bd4+ Kxe6 79. Bxg7 Kf7 80. Be5 Ke6 81. Kf4 Kf7 82. Bc7 e6 83. Ke5 Kg6 84. Bd8 f4 0-1